AoeStats
← ben6496

Black Forest

503198003Analyzed
3v3 RM · 1mo ago on Aug 30, 2026· 86m 17s· 6 players
Game mode
Random Map
Map size
Normal (6 player)
Population
200
Speed
Normal
Resources
Standard
Victory
Conquest
Starting age
Dark Age
Ending age
Imperial Age
RankedLock teamsTeams togetherTeam positionsShared explorationLock speedFull tech treeHidden civsTurbo modeCheats
Victory
Defeat
🇬🇧 Britons · United Kingdom
942
+14
🇬🇧 Huns · United Kingdom
917
+16
🇬🇧 Persians · United Kingdom
766
+22
🇩🇪 Huns · Germany
923
-18
🇦🇿 Persians · Azerbaijan
922
-18
🇹🇷 Inca · Türkiye
879
-16
DE 2xN IS
15:55 Feudal Age
20:21 Castle Age
25:35 Double-Bit Axe
25:33 Horse Collar
25:45 Gold Mining
25:47 Stone Mining
27:30 Bow Saw
31:19 Gold Shaft Mining
32:33 Heavy Plow
36:40 Imperial Age
34:04 Loom
34:54 Wheelbarrow
34:06 Town Watch
34:30 Scale Barding Armor
34:36 Forging
35:36 Caravan
36:00 Chain Barding Armor
35:45 Marauders
37:31 Iron Casting
36:49 Elite Tarkan
37:51 Conscription
37:52 Atheism
38:12 Plate Barding Armor
38:40 Two-Man Saw
38:26 Hand Cart
38:11 Town Patrol
40:24 Blast Furnace
54:58 Man-at-Arms
55:24 Arson
55:47 Squires
57:02 Long Swordsman
57:58 Two-Handed Swordsman
60:03 Scale Mail Armor
61:33 Chain Mail Armor
62:58 Bloodlines
62:50 Husbandry
62:13 Light Cavalry
63:30 Hussar
Aethelflaed
1:06 Loom
11:43 Feudal Age
12:35 Double-Bit Axe
16:28 Horse Collar
21:03 Castle Age
19:33 Gold Mining
30:29 Imperial Age
32:06 Heavy Plow
32:19 Bow Saw
32:48 Gold Shaft Mining
33:38 Wheelbarrow
32:50 Town Watch
32:41 Champi Runner
33:52 Fabric Shields
33:49 Champi Warrior
35:06 Scale Mail Armor
35:17 Forging
35:22 Elite Champi Warrior
37:40 Chain Mail Armor
38:00 Iron Casting
37:54 Elite Kamayuk
39:33 Plate Mail Armor
39:21 Hand Cart
39:44 Crop Rotation
39:49 Andean Sling
39:49 Elite Skirmisher
42:12 Padded Archer Armor
43:13 Blast Furnace
42:04 Fletching
42:37 Conscription
44:43 Leather Archer Armor
47:22 Town Patrol
69:38 Caravan
70:08 Coinage
69:49 Guilds
77:12 Banking
trn25
0:32 Loom
11:16 Feudal Age
11:42 Double-Bit Axe
13:28 Wheelbarrow
13:03 Gold Mining
19:28 Castle Age
17:30 Horse Collar
18:43 Stone Mining
19:12 Scale Barding Armor
19:27 Forging
20:01 Heavy Plow
20:49 Bow Saw
28:04 Imperial Age
26:44 Gold Shaft Mining
26:40 Caravan
27:00 Pikeman
27:41 Squires
27:26 Arson
29:38 Chain Barding Armor
29:12 Cavalier
30:27 Hand Cart
31:49 Plate Barding Armor
30:57 Crossbowman
32:27 Husbandry
32:24 Town Watch
35:50 Elite Skirmisher
39:32 Iron Casting
42:18 Blast Furnace
41:18 Padded Archer Armor
41:09 Fletching
45:23 Savar
47:12 Leather Archer Armor
50:13 Bodkin Arrow
54:02 Two-Man Saw
53:48 Stone Shaft Mining
65:11 Light Cavalry
66:45 Bloodlines
70:42 Hussar
74:31 Coinage
77:32 Conscription
81:00 Kamandaran
ben6496
0:31 Loom
0:36 Loom
14:29 Feudal Age
16:44 Double-Bit Axe
16:52 Gold Mining
18:36 Wheelbarrow
22:13 Castle Age
20:49 Horse Collar
22:11 Fletching
22:21 Scale Mail Armor
24:03 Bow Saw
23:56 Heavy Plow
24:34 Gold Shaft Mining
23:57 Stone Mining
23:53 Crossbowman
26:32 Pikeman
27:48 Hand Cart
28:39 Bodkin Arrow
35:30 Imperial Age
34:12 Ballistics
34:03 Fortified Wall
35:15 Chain Mail Armor
35:11 Forging
35:01 Padded Archer Armor
35:39 Town Watch
35:43 Town Watch
36:26 Yeomen
38:32 Arbalester
39:18 Bracer
39:54 Iron Casting
41:07 Plate Mail Armor
42:07 Chemistry
41:23 Halberdier
44:01 Blast Furnace
45:53 Masonry
45:52 Siege Engineers
47:58 Warwolf
48:04 Warwolf
51:14 Elite Skirmisher
65:03 Caravan
67:51 Elite Longbowman
75:54 Leather Archer Armor
77:15 Ring Archer Armor
77:39 Hoardings
77:41 Conscription
77:58 Onager
79:07 Town Patrol
82:54 Two-Man Saw
sheepnumber12
0:28 Loom
13:47 Feudal Age
18:21 Castle Age
17:41 Horse Collar
17:48 Double-Bit Axe
19:23 Wheelbarrow
20:53 Bow Saw
20:47 Heavy Plow
25:17 Hand Cart
32:44 Imperial Age
30:38 Gold Mining
30:39 Stone Mining
31:02 Forging
30:57 Scale Barding Armor
30:54 Padded Archer Armor
30:44 Fletching
31:02 Husbandry
33:14 Iron Casting
32:59 Chain Barding Armor
33:04 Ballistics
36:14 Chemistry
34:44 Heavy Scorpion
40:17 Cavalier
41:10 Bloodlines
42:29 Blast Furnace
42:54 Plate Barding Armor
42:53 Caravan
43:58 Savar
45:15 Bodkin Arrow
45:36 Leather Archer Armor
45:42 Pikeman
46:22 Squires
46:16 Arson
46:20 Halberdier
50:49 Scale Mail Armor
51:20 Ring Archer Armor
55:22 Two-Man Saw
54:56 Crop Rotation
57:43 Chain Mail Armor
64:02 Conscription
63:05 Elite War Elephant
64:00 Citadels
79:44 Town Watch
83:16 Arson
Tabsky ಠ_ಠ
0:27 Loom
14:36 Feudal Age
20:48 Castle Age
18:42 Double-Bit Axe
18:38 Horse Collar
21:26 Wheelbarrow
20:46 Stone Mining
21:35 Padded Archer Armor
21:26 Fletching
21:37 Scale Mail Armor
23:10 Gold Mining
23:30 Scale Barding Armor
24:39 Heavy Plow
32:16 Imperial Age
30:20 Ballistics
29:22 Elite Skirmisher
31:09 Scale Barding Armor
31:57 Crossbowman
32:55 Bodkin Arrow
33:16 Leather Archer Armor
33:18 Forging
34:51 Chemistry
34:34 Bracer
35:05 Parthian Tactics
36:06 Conscription
37:02 Heavy Cavalry Archer
39:14 Marauders
39:51 Hand Cart
40:28 Iron Casting
40:14 Chain Barding Armor
40:09 Thumb Ring
41:10 Elite Tarkan
42:56 Bloodlines
42:47 Husbandry
43:48 Pikeman
44:59 Murder Holes
46:02 Chain Mail Armor
66:58 Light Cavalry
73:49 Hussar
79:35 Squires
78:56 Halberdier
84:26 Blast Furnace
84:45 Plate Barding Armor
Connection lost

Rejoining the realm…

Still unreachable

The connection could not be restored.

Session expired

The server has moved on; the page needs a fresh start.